TOP OF THE 1ST |
Phoenix Hotspur batting - Pitching for Hollywood Shredders : LHP Walt Coffman
|
Pitching: LHP Walt Coffman
|
|
Batting: RHB Alberto Ramírez
|
0-0: Ball 1-0: SINGLE (Groundball, 34S, EV 60.6 MPH) (infield hit)
|
Batting: RHB Dale Everest
|
0-0: Ball 1-0: Called Strike 1-1: Ball 2-1: Foul Ball, location: 2F 2-2: Ball 3-2: Base on Balls Alberto Ramírez to second
|
Batting: RHB Jonas van Claveren
|
0-0: Ground out 6-3 (Groundball, 6D, EV 103.8 MPH) Alberto Ramírez to third Dale Everest to second
|
Batting: RHB Martín Talia
|
0-0: Ball 1-0: Called Strike 1-1: Ball 2-1: Ball 3-1: Foul Ball, location: 2F 3-2: Foul Ball, location: 2F 3-2: Foul Ball, location: 2F 3-2: Base on Balls
|
Batting: LHB Tadayoshi Watanabe
|
0-0: Swinging Strike 0-1: Ball 1-1: Swinging Strike 1-2: Foul Ball, location: 2F 1-2: Ball 2-2: Ball 3-2: Base on Balls Alberto Ramírez scores Dale Everest to third Martín Talia to second
|
Batting: RHB Myles Brundidge
|
0-0: Ball 1-0: GRAND SLAM HOME RUN (Flyball, 7D, EV 108.1 MPH), Distance : 370 ft
|
Batting: RHB Brit Davis
|
0-0: Ball 1-0: Ground out 4-3 (Groundball, 4, EV 77.5 MPH)
|
Batting: RHB Quan Easterling
|
0-0: DOUBLE (Line Drive, 89D, EV 101.9 MPH)
|
Batting: LHB Mare Riseley
|
0-0: Foul Ball, location: 2F 0-1: Foul Ball, location: 2F 0-2: Ball 1-2: Strikes out swinging
|
Top of the 1st over - 5 runs, 3 hits, 0 errors, 1 left on base; Phoenix 5 - Hollywood 0 |
BOTTOM OF THE 1ST |
Hollywood Shredders batting - Pitching for Phoenix Hotspur : RHP Masahiro Sakei
|
Pitching: RHP Masahiro Sakei
|
|
Batting: LHB Chris Payling
|
0-0: Called Strike 0-1: Ball 1-1: Ball 2-1: SINGLE (Groundball, 13S, EV 66.2 MPH) (infield hit)
|
Batting: LHB Scott Kerin
|
0-0: Foul Ball, location: 2F 0-1: Grounds into double play, 4-6-3 (Groundball, 4, EV 99.4 MPH)
|
Batting: RHB Baldomero Avino
|
0-0: Foul Ball, location: 2F 0-1: Ball 1-1: Foul Ball, location: 2F 1-2: SINGLE (Flyball, 5D, EV 83.1 MPH)
|
Batting: LHB Kanko Umaba
|
0-0: Called Strike 0-1: Called Strike 0-2: Ground out 4-3 (Groundball, 4, EV 103.8 MPH)
|
Bottom of the 1st over - 0 runs, 2 hits, 0 errors, 1 left on base; Phoenix 5 - Hollywood 0 |
TOP OF THE 2ND |
Phoenix Hotspur batting - Pitching for Hollywood Shredders : LHP Walt Coffman
|
Batting: RHB Alberto Ramírez
|
0-0: Foul Ball, location: 2F 0-1: Ground out 1-3 (Groundball, 23, EV 83.8 MPH)
|
Batting: RHB Dale Everest
|
0-0: Called Strike 0-1: Foul Ball, location: 2F 0-2: Ball 1-2: Foul Ball, location: 2F 1-2: Foul Ball, location: 2F 1-2: Ball 2-2: Fly out, F9 (Flyball, 89D, EV 78.1 MPH)
|
Batting: RHB Jonas van Claveren
|
0-0: Foul Ball, location: 2F 0-1: Foul Ball, location: 2F 0-2: Fly out, F8 (Flyball, 8LXD, EV 95.0 MPH)
|
Top of the 2nd over - 0 runs, 0 hits, 0 errors, 0 left on base; Phoenix 5 - Hollywood 0 |
BOTTOM OF THE 2ND |
Hollywood Shredders batting - Pitching for Phoenix Hotspur : RHP Masahiro Sakei
|
Batting: LHB Divine Diablo
|
0-0: Called Strike 0-1: Ball 1-1: Foul Ball, location: 2F 1-2: Fly out, F7 (Flyball, 7D, EV 105.0 MPH)
|
Batting: RHB Guillermo Coss
|
0-0: Ball 1-0: Ground out 5-3 (Groundball, 5, EV 105.6 MPH)
|
Batting: RHB James Hemwick
|
0-0: Called Strike 0-1: Ball 1-1: Foul Ball, location: 2F 1-2: Ball 2-2: Foul Ball, location: 2F 2-2: Fly out, F9 (Flyball, 9, EV 97.5 MPH)
|
Bottom of the 2nd over - 0 runs, 0 hits, 0 errors, 0 left on base; Phoenix 5 - Hollywood 0 |
TOP OF THE 3RD |
Phoenix Hotspur batting - Pitching for Hollywood Shredders : LHP Walt Coffman
|
Batting: RHB Martín Talia
|
0-0: Ball 1-0: Ground out 1-3 (Groundball, 34S, EV 78.1 MPH)
|
Batting: LHB Tadayoshi Watanabe
|
0-0: Fly out, F8 (Line Drive, 8LD, EV 93.1 MPH)
|
Batting: RHB Myles Brundidge
|
0-0: Called Strike 0-1: Ball 1-1: Ball 2-1: Ball 3-1: Foul Ball, location: 2F 3-2: Foul Ball, location: 2F 3-2: Strikes out looking
|
Top of the 3rd over - 0 runs, 0 hits, 0 errors, 0 left on base; Phoenix 5 - Hollywood 0 |
BOTTOM OF THE 3RD |
Hollywood Shredders batting - Pitching for Phoenix Hotspur : RHP Masahiro Sakei
|
Batting: RHB Takeshi Kovacs
|
0-0: Fly out, F9 (Flyball, 9LS, EV 86.9 MPH)
|
Batting: SHB Alexei Ponikarov
|
0-0: Called Strike 0-1: Foul Ball, location: 2F 0-2: Ball 1-2: SINGLE (Groundball, 34, EV 81.9 MPH) (infield hit)
|
Batting: LHB Chris Payling
|
0-0: Fly out, F4 (Line Drive, 4, EV 68.1 MPH)
|
Batting: LHB Scott Kerin
|
0-0: Ball 1-0: Ball 2-0: Ball 3-0: Called Strike 3-1: Called Strike 3-2: Base on Balls Alexei Ponikarov to second
|
Batting: RHB Baldomero Avino
|
0-0: Foul Ball, location: 2F 0-1: Foul Ball, location: 2F 0-2: Ball 1-2: Ball 2-2: Strikes out looking
|
Bottom of the 3rd over - 0 runs, 1 hit, 0 errors, 2 left on base; Phoenix 5 - Hollywood 0 |
TOP OF THE 4TH |
Phoenix Hotspur batting - Pitching for Hollywood Shredders : LHP Walt Coffman
|
Pitching: RHP Broderick Evans
|
|
Batting: RHB Brit Davis
|
0-0: Ball 1-0: Ground out 6-3 (Groundball, 56, EV 89.4 MPH)
|
Batting: RHB Quan Easterling
|
0-0: Ball 1-0: Foul Ball, location: 2F 1-1: Foul Ball, location: 2F 1-2: Strikes out swinging
|
Batting: LHB Mare Riseley
|
0-0: Ground out 6-3 (Groundball, 6, EV 98.8 MPH)
|
Top of the 4th over - 0 runs, 0 hits, 0 errors, 0 left on base; Phoenix 5 - Hollywood 0 |
BOTTOM OF THE 4TH |
Hollywood Shredders batting - Pitching for Phoenix Hotspur : RHP Masahiro Sakei
|
Batting: LHB Kanko Umaba
|
0-0: Ball 1-0: Called Strike 1-1: Ball 2-1: Ball 3-1: Base on Balls
|
Batting: LHB Divine Diablo
|
0-0: Ball 1-0: Fly out, F3 (Line Drive, 3, EV 71.9 MPH)
|
Batting: RHB Guillermo Coss
|
0-0: Ball 1-0: Foul Ball, location: 2F 1-1: Foul Ball, location: 2F 1-2: Ball 2-2: Ball 3-2: Base on Balls Kanko Umaba to second
|
Batting: RHB James Hemwick
|
0-0: Ball 1-0: Foul Ball, location: 2F 1-1: Called Strike 1-2: Fly out, F9 (Line Drive, 9, EV 88.1 MPH)
|
Batting: RHB Takeshi Kovacs
|
0-0: Ground out 5-3 (Groundball, 56S, EV 76.2 MPH)
|
Bottom of the 4th over - 0 runs, 0 hits, 0 errors, 2 left on base; Phoenix 5 - Hollywood 0 |
TOP OF THE 5TH |
Phoenix Hotspur batting - Pitching for Hollywood Shredders : RHP Broderick Evans
|
Batting: RHB Alberto Ramírez
|
0-0: Called Strike 0-1: Swinging Strike 0-2: Ball 1-2: Ball 2-2: SINGLE (Line Drive, 8RS, EV 106.9 MPH)
|
Batting: RHB Dale Everest
|
0-0: Ball 1-0: Called Strike Alberto Ramírez steals 2nd base 1-1: Foul Ball, location: 2F 1-2: Foul Ball, location: 2F 1-2: Ball 2-2: Ground out 1-4-3 (Groundball, 15S, EV 98.8 MPH) Alberto Ramírez to third
|
Batting: RHB Jonas van Claveren
|
0-0: Ball 1-0: Foul Ball, location: 2F 1-1: Swinging Strike 1-2: Foul Ball, location: 2F 1-2: Strikes out looking
|
Batting: RHB Martín Talia
|
0-0: DOUBLE (Flyball, 78XD, EV 92.5 MPH) Alberto Ramírez scores
|
Batting: LHB Tadayoshi Watanabe
|
0-0: Foul Ball, location: 2F 0-1: Foul Ball, location: 2F 0-2: Strikes out swinging
|
Top of the 5th over - 1 run, 2 hits, 0 errors, 1 left on base; Phoenix 6 - Hollywood 0 |
BOTTOM OF THE 5TH |
Hollywood Shredders batting - Pitching for Phoenix Hotspur : RHP Masahiro Sakei
|
Batting: SHB Alexei Ponikarov
|
0-0: Ball 1-0: Fly out, F5 (Popup, 5SF, EV 86.2 MPH)
|
Batting: LHB Chris Payling
|
0-0: Ball 1-0: Swinging Strike 1-1: Ground out U3 (Groundball, 3, EV 101.2 MPH)
|
Batting: LHB Scott Kerin
|
0-0: Foul Ball, location: 2F 0-1: Foul Ball, location: 2F 0-2: Ball 1-2: Ball 2-2: Ball 3-2: Foul Ball, location: 2F 3-2: Fly out, F9 (Line Drive, 9, EV 88.8 MPH)
|
Bottom of the 5th over - 0 runs, 0 hits, 0 errors, 0 left on base; Phoenix 6 - Hollywood 0 |
TOP OF THE 6TH |
Phoenix Hotspur batting - Pitching for Hollywood Shredders : RHP Broderick Evans
|
Batting: RHB Myles Brundidge
|
0-0: Foul Ball, location: 2F 0-1: Ball 1-1: Foul Ball, location: 2F 1-2: Ground out 6-3 (Groundball, 6, EV 82.5 MPH)
|
Batting: RHB Brit Davis
|
0-0: Foul Ball, location: 2F 0-1: Ball 1-1: Foul Ball, location: 2F 1-2: Foul Ball, location: 2F 1-2: Ball 2-2: Fly out, F3 (Line Drive, 3, EV 71.2 MPH)
|
Batting: RHB Quan Easterling
|
0-0: Ground out 6-3 (Groundball, 6, EV 83.8 MPH)
|
Top of the 6th over - 0 runs, 0 hits, 0 errors, 0 left on base; Phoenix 6 - Hollywood 0 |
BOTTOM OF THE 6TH |
Hollywood Shredders batting - Pitching for Phoenix Hotspur : RHP Masahiro Sakei
|
Batting: RHB Baldomero Avino
|
0-0: SOLO HOME RUN (Flyball, 7D, EV 88.1 MPH), Distance : 378 ft
|
Batting: LHB Kanko Umaba
|
0-0: Foul Ball, location: 2F 0-1: SOLO HOME RUN (Flyball, 78XD, EV 91.2 MPH), Distance : 414 ft
|
Batting: LHB Divine Diablo
|
0-0: Foul Ball, location: 2F 0-1: Swinging Strike 0-2: Ball 1-2: Strikes out swinging
|
Batting: RHB Guillermo Coss
|
0-0: Ball 1-0: Swinging Strike 1-1: Ground out 5-3 (Groundball, 56S, EV 85.6 MPH)
|
Batting: RHB James Hemwick
|
0-0: Ball 1-0: Hit by Pitch
|
Batting: RHB Takeshi Kovacs
|
0-0: SINGLE (Groundball, 4MD, EV 100.0 MPH) James Hemwick to second Runner from 2nd tries for 3rd, SAFE, throw by CF made to third
|
Batting: SHB Alexei Ponikarov
|
0-0: Called Strike 0-1: Called Strike 0-2: Ball 1-2: Ball 2-2: Strikes out looking
|
Bottom of the 6th over - 2 runs, 3 hits, 0 errors, 2 left on base; Phoenix 6 - Hollywood 2 |
TOP OF THE 7TH |
Phoenix Hotspur batting - Pitching for Hollywood Shredders : RHP Broderick Evans
|
Batting: LHB Mare Riseley
|
0-0: Ball 1-0: Called Strike 1-1: Called Strike 1-2: SINGLE (Groundball, 6D, EV 102.5 MPH)
|
Batting: RHB Alberto Ramírez
|
0-0: Bunted foul 0-1: Sac Bunt to 5S - play at first, batter OUT! 5-4 Mare Riseley to second
|
Batting: RHB Dale Everest
|
0-0: DOUBLE (Line Drive, 9LM, EV 110.0 MPH) Mare Riseley scores
|
Batting: RHB Jonas van Claveren
|
0-0: Foul Ball, location: 2F 0-1: Foul Ball, location: 2F 0-2: Ball 1-2: Ground out 5-3 (Groundball, 56, EV 78.1 MPH)
|
Pitching: RHP José Villarreal
|
|
Batting: RHB Martín Talia
|
0-0: Called Strike 0-1: Foul Ball, location: 2F 0-2: Ball 1-2: Strikes out looking
|
Top of the 7th over - 1 run, 2 hits, 0 errors, 1 left on base; Phoenix 7 - Hollywood 2 |
BOTTOM OF THE 7TH |
Hollywood Shredders batting - Pitching for Phoenix Hotspur : RHP Masahiro Sakei
|
Batting: LHB Chris Payling
|
0-0: Ball 1-0: Called Strike 1-1: Swinging Strike 1-2: Ball 2-2: Fly out, F9 (Flyball, 9D, EV 93.1 MPH)
|
Batting: LHB Scott Kerin
|
0-0: Foul Ball, location: 2F 0-1: Ball 1-1: Ball 2-1: Called Strike 2-2: Foul Ball, location: 2F 2-2: Foul Ball, location: 2F 2-2: Ground out 1-3 (Groundball, P, EV 83.8 MPH)
|
Batting: RHB Baldomero Avino
|
0-0: Ball 1-0: Ball 2-0: SOLO HOME RUN (Flyball, 7D, EV 105.6 MPH), Distance : 386 ft
|
Batting: LHB Kanko Umaba
|
0-0: Swinging Strike 0-1: Ball 1-1: Swinging Strike 1-2: Ball 2-2: Ball 3-2: Foul Ball, location: 2F 3-2: Foul Ball, location: 2F 3-2: Fly out, F1 (Line Drive, P, EV 66.2 MPH)
|
Bottom of the 7th over - 1 run, 1 hit, 0 errors, 0 left on base; Phoenix 7 - Hollywood 3 |
TOP OF THE 8TH |
Phoenix Hotspur batting - Pitching for Hollywood Shredders : RHP José Villarreal
|
Batting: LHB Tadayoshi Watanabe
|
0-0: Ball 1-0: Swinging Strike 1-1: Called Strike 1-2: Ball 2-2: Strikes out looking
|
Batting: RHB Myles Brundidge
|
0-0: Ball 1-0: Ball 2-0: Swinging Strike 2-1: Swinging Strike 2-2: Foul Ball, location: 2F 2-2: Ball 3-2: Foul Ball, location: 2F 3-2: Foul Ball, location: 2F 3-2: Strikes out swinging
|
Batting: RHB Brit Davis
|
0-0: Ball 1-0: Called Strike 1-1: Called Strike 1-2: Fly out, F9 (Line Drive, 9, EV 86.9 MPH)
|
Top of the 8th over - 0 runs, 0 hits, 0 errors, 0 left on base; Phoenix 7 - Hollywood 3 |
BOTTOM OF THE 8TH |
Hollywood Shredders batting - Pitching for Phoenix Hotspur : RHP Masahiro Sakei
|
Pitching: RHP Dermot Eridge
|
|
Batting: LHB Divine Diablo
|
0-0: Ball 1-0: Ball 2-0: Ball 3-0: Base on Balls
|
Batting: RHB Guillermo Coss
|
0-0: Ball 1-0: Fly out, F4 (Line Drive, 4, EV 63.8 MPH)
|
Batting: RHB James Hemwick
|
0-0: Fly out, F7 (Flyball, 7S, EV 86.2 MPH)
|
Batting: RHB Takeshi Kovacs
|
0-0: Ball 1-0: Ball 2-0: SINGLE (Flyball, 89M, EV 91.2 MPH) Divine Diablo to second
|
Batting: SHB Alexei Ponikarov
|
0-0: Called Strike 0-1: Fly out, F8 (Line Drive, 8LD, EV 91.2 MPH)
|
Bottom of the 8th over - 0 runs, 1 hit, 0 errors, 2 left on base; Phoenix 7 - Hollywood 3 |
TOP OF THE 9TH |
Phoenix Hotspur batting - Pitching for Hollywood Shredders : RHP José Villarreal
|
Batting: RHB Quan Easterling
|
0-0: Ball 1-0: SINGLE (Groundball, 56D, EV 100.0 MPH)
|
Batting: LHB Mare Riseley
|
0-0: Bunt missed! 0-1: Bunt missed! 0-2: Ball 1-2: Ball 2-2: Foul Ball, location: 2F 2-2: Foul Ball, location: 2F 2-2: Ball 3-2: Strikes out swinging
|
Pitching: RHP Seung Pak
|
|
Batting: RHB Alberto Ramírez
|
0-0: Called Strike 0-1: Ball 1-1: Ball 2-1: Ball 3-1: Base on Balls Quan Easterling to second
|
Batting: RHB Dale Everest
|
0-0: Swinging Strike 0-1: Called Strike 0-2: Ball 1-2: Strikes out looking
|
Batting: RHB Jonas van Claveren
|
0-0: Ball 1-0: Swinging Strike 1-1: Swinging Strike 1-2: Foul Ball, location: 2F 1-2: Ball 2-2: 3-RUN HOME RUN (Flyball, 7LD, EV 95.6 MPH), Distance : 340 ft
|
Pinch Hitting: RHB Brad Lamb
|
0-0: Foul Ball, location: 2F 0-1: Ball 1-1: DOUBLE (Line Drive, 78M, EV 101.2 MPH)
|
Pinch Hitting: RHB Lopahin Davletyarov
|
0-0: Swinging Strike 0-1: Swinging Strike 0-2: Strikes out swinging
|
Top of the 9th over - 3 runs, 3 hits, 0 errors, 1 left on base; Phoenix 10 - Hollywood 3 |
BOTTOM OF THE 9TH |
Hollywood Shredders batting - Pitching for Phoenix Hotspur : RHP Dermot Eridge
|
Now at 3B: Lopahin Davletyarov
|
|
Now in RF: Brad Lamb
|
|
Batting: LHB Chris Payling
|
0-0: Called Strike 0-1: Foul Ball, location: 2F 0-2: Fly out, F6 (Flyball, 6MD, EV 71.9 MPH)
|
Batting: LHB Scott Kerin
|
0-0: Ball 1-0: Foul Ball, location: 2F 1-1: Foul Ball, location: 2F 1-2: Foul Ball, location: 2F 1-2: SINGLE (Line Drive, 8LS, EV 105.6 MPH)
|
Batting: RHB Baldomero Avino
|
0-0: Called Strike 0-1: Swinging Strike 0-2: Ball 1-2: Grounds into double play, 5-4-3 (Groundball, 56S, EV 85.6 MPH)
|
Bottom of the 9th over - 0 runs, 1 hit, 0 errors, 0 left on base; Phoenix 10 - Hollywood 3 |
|